[Event "Titled Tuesday Blitz February 21 Late 2023"]
[White "Jimenez Jimenez, Leandro"]
[Black "Dias, Joao Batista"]
[WhiteFideId "6415253"]
[BlackFideId "2108240"]
[WhiteElo "2146"]
[BlackElo "1796"]
[Result "1-0"]
[Round "02"]
[TimeControl "180+2"]
[Date "2023.02.21"]
[WhiteClock "0:00:26"]
[BlackClock "0:01:00"]

1. d4 d5 2. c4 c6 3. cxd5 cxd5 4. Nc3 Nf6 5. Nf3 e6 6. Bg5 Be7 7. e3 O-O 8. Rc1 a6 9. Bd3 h6 10. Bh4 Bd7 11. O-O Nc6 12. Na4 Rc8 13. Nc5 Bxc5 14. Rxc5 Nb4 15. Rxc8 Bxc8 16. Bb1 g5 17. Nxg5 hxg5 18. Bxg5 Kg7 19. Qf3 Rh8 20. h4 Nc6 21. Qg3 Kf8 22. Qf3 Kg7 23. h5 Rh6 24. g4 e5 25. Bxh6+ Kxh6 26. dxe5 Nxe5 27. Qf4+ Kg7 28. Qxe5 Bxg4 29. Qg5+ Kf8 30. h6 Ke7 31. Rc1 Bd7 32. e4 dxe4 33. Bxe4 Kd6 34. Bg2 Be6 35. Rd1+ Bd5 36. Rxd5+ 1-0


[Site "https://www.chess.com"]

[Event "Titled Tuesday Blitz February 21 Late 2023"]
[White "Desideri, Ricardo Maruchi"]
[Black "Jian, Alex"]
[WhiteFideId "2110440"]
[BlackFideId "30901022"]
[WhiteElo "1959"]
[BlackElo "2031"]
[Result "0-1"]
[Round "02"]
[TimeControl "180+2"]
[Date "2023.02.21"]
[WhiteClock "0:00:23"]
[BlackClock "0:01:14"]

1. e4 c5 2. Nf3 Nc6 3. d4 cxd4 4. Nxd4 Nf6 5. Nc3 e5 6. Ndb5 d6 7. Nd5 Nxd5 8. exd5 Nb8 9. c4 Be7 10. Bd3 O-O 11. O-O a6 12. Nc3 f5 13. f3 Nd7 14. b4 a5 15. b5 Nc5 16. Bc2 Bg5 17. Kh1 Qf6 18. Bb2 Qh6 19. Ne2 Be3 20. Qe1 Bd7 21. Qc3 Bd2 22. Qa3 Bb4 23. Bc1 Bxa3 24. Bxh6 gxh6 0-1


[Site "https://www.chess.com"]

[Event "Titled Tuesday Blitz February 21 Late 2023"]
[White "Szyszylo, Rafal"]
[Black "Shapiro, Bryan"]
[WhiteFideId "1109626"]
[BlackFideId "2087740"]
[WhiteElo "2091"]
[BlackElo "1972"]
[Result "1-0"]
[Round "02"]
[TimeControl "180+2"]
[Date "2023.02.21"]
[WhiteClock "0:00:07"]
[BlackClock "0:00:17"]

1. e4 e5 2. Nf3 Nc6 3. Bb5 g6 4. c3 Bg7 5. O-O Nge7 6. d4 exd4 7. cxd4 d5 8. exd5 Nxd5 9. Re1+ Be6 10. Ng5 O-O 11. Nxe6 fxe6 12. Bxc6 bxc6 13. Nc3 Qh4 14. Ne4 h6 15. g3 Qh3 16. Be3 Rf5 17. f4 Nxe3 18. Rxe3 Rd8 19. Nf2 Qh5 20. g4 Qh4 21. gxf5 Bxd4 22. Qf3 exf5 23. Re2 Rb8 24. Rd1 c5 25. b3 Rd8 26. Rde1 Kf7 27. Qg3 Qf6 28. Re7+ Kf8 29. R7e6 Qf7 30. Qxg6 Qxg6+ 31. Rxg6 Kf7 32. Rge6 a5 33. Kf1 a4 34. bxa4 Ra8 35. Re7+ Kg6 36. R1e6+ Kh5 37. Re2 Rxa4 38. Rxc7 Rc4 39. Kg2 Rc1 40. Rf7 Kg6 41. Rf8 c4 42. Rc8 c3 43. Rc4 Bf6 44. Kf3 Rb1 45. Nd3 Rf1+ 46. Kg2 Rd1 47. Ne5+ Kh5 48. Rxc3 Rd4 49. Rf3 Ra4 50. a3 Ra5 51. Ref2 Ra4 52. Rg3 Kh4 53. Rff3 Bxe5 54. fxe5 Re4 55. Re3 Rd4 56. Rgf3 Kg5 57. e6 Rd2+ 58. Rf2 Rd8 59. e7 Re8 60. Re5 Kf6 61. Rexf5+ Ke6 62. Rf7 Rg8+ 63. Kh3 Re8 64. Kh4 h5 65. h3 Rc8 66. Kxh5 Rc5+ 67. R7f5 Rc8 68. Rf8 Rc5+ 69. R2f5 Rxf5+ 70. Rxf5 Kxe7 1-0


[Site "https://www.chess.com"]

[Event "Titled Tuesday Blitz February 21 Late 2023"]
[White "Zeman, Matyas"]
[Black "Vargas, Mauricio"]
[WhiteFideId "364398"]
[BlackFideId "4404572"]
[WhiteElo "2296"]
[BlackElo "2035"]
[Result "1-0"]
[Round "02"]
[TimeControl "180+2"]
[Date "2023.02.21"]
[WhiteClock "0:01:40"]
[BlackClock "0:00:01"]

1. d4 d5 2. Bf4 h5 3. Nf3 Bg4 4. h3 Bxf3 5. exf3 e6 6. Nd2 Bd6 7. Bxd6 Qxd6 8. h4 Ne7 9. Bd3 Nd7 10. Qe2 O-O-O 11. O-O-O Kb8 12. g3 Rc8 13. f4 c5 14. dxc5 Nxc5 15. Kb1 Qb6 16. Nb3 Na4 17. Qe5+ Ka8 18. Qxg7 Rcf8 19. Qd4 Qxd4 20. Nxd4 a6 21. Nf3 Ng8 22. Ng5 Nf6 23. Be2 Ng4 24. Bxg4 hxg4 25. Rhe1 Nc5 26. f5 exf5 27. Rxd5 b6 28. Rxf5 f6 29. Ne6 Rc8 30. Nxc5 bxc5 31. Rxf6 Rhe8 32. Rxe8 Rxe8 33. b3 Kb7 34. Rf4 Rg8 35. c4 Kb6 36. Kc2 Ka5 37. a3 Kb6 38. Kd3 Kc6 39. Rf6+ Kb7 40. h5 Rg5 41. h6 Rh5 42. Ke3 a5 43. Kf4 Kc7 44. Kxg4 Rh2 45. Rf7+ Kd6 46. h7 Ke6 47. Ra7 Kf6 48. Rxa5 Rxh7 49. Rxc5 1-0


[Site "https://www.chess.com"]

[Event "Titled Tuesday Blitz February 21 Late 2023"]
[White "Eliteplayer3"]
[Black "Lerch, Philipp"]
[BlackFideId "4654129"]
[WhiteElo "1962"]
[BlackElo "2305"]
[Result "0-1"]
[Round "02"]
[TimeControl "180+2"]
[Date "2023.02.21"]
[WhiteClock "0:01:39"]
[BlackClock "0:01:55"]

1. e4 c5 2. Nc3 g6 3. Nf3 Bg7 4. d4 cxd4 5. Nxd4 Nc6 6. Be3 Nf6 7. Nxc6 bxc6 8. e5 Nd5 9. Nxd5 cxd5 10. Qxd5 Rb8 11. O-O-O O-O 12. f4 Qc7 13. Bc4 d6 14. Bb3 dxe5 15. Qe4 Bf5 16. Qf3 Rxb3 17. Qf2 Rxe3 18. Rd2 exf4 19. Rhd1 Qb6 20. b3 Qa5 0-1


[Site "https://www.chess.com"]

[Event "Titled Tuesday Blitz February 21 Late 2023"]
[White "Cheng, Xiao"]
[Black "Gamboa, Juan Pablo"]
[WhiteFideId "2022915"]
[BlackFideId "105180"]
[WhiteElo "2288"]
[BlackElo "2224"]
[Result "1/2-1/2"]
[Round "02"]
[TimeControl "180+2"]
[Date "2023.02.21"]
[WhiteClock "0:00:24"]
[BlackClock "0:00:18"]

1. e4 e6 2. d4 d5 3. Nd2 c5 4. exd5 Qxd5 5. Ngf3 cxd4 6. Bc4 Qd6 7. O-O Nf6 8. Nb3 Nc6 9. Nbxd4 Nxd4 10. Qxd4 Qxd4 11. Nxd4 a6 12. a4 Bd7 13. Bg5 Be7 14. a5 Rc8 15. Bb3 Rc5 16. Be3 Rc7 17. Bf4 Rc5 18. Be3 Rc7 19. h3 O-O 20. Rfd1 e5 21. Nf3 e4 22. Ne5 Bf5 23. Bb6 Rcc8 24. g4 Be6 25. Bxe6 fxe6 26. c3 Nd5 27. Bd4 Nf4 28. Kh2 Nd3 29. Nxd3 exd3 30. Rxd3 Bd6+ 31. Kg2 e5 32. Bb6 Bc7 33. Rd7 Bxb6 34. axb6 Rf7 35. Rad1 Rcf8 36. R1d2 g6 37. Rc7 h6 38. Re2 Rxc7 39. bxc7 Rc8 40. Rxe5 Rxc7 41. Kg3 Kg7 42. h4 Rd7 43. h5 gxh5 44. gxh5 Kf6 45. Re3 Kg5 46. Re5+ Kf6 47. Rc5 Rd3+ 48. Kg4 Rd2 49. Rf5+ Kg7 50. b4 Rd3 51. Rc5 Rd7 52. f4 Kf7 53. b5 axb5 54. Rxb5 Rc7 55. Kf5 Kg7 56. Rb6 Rf7+ 57. Ke5 Rc7 58. f5 Rc5+ 59. Ke6 Rc7 60. Rb1 Rc6+ 61. Kd5 Rc7 62. Rg1+ Kf7 63. c4 Rd7+ 64. Kc5 Kf6 65. Rg6+ Kxf5 66. Rxh6 Rc7+ 67. Kb5 Kg5 68. Rh8 Kf6 69. c5 Kg7 70. Rd8 Kh6 71. Rd5 Rf7 72. Kb6 Re7 73. Rf5 Rd7 74. Rf8 Re7 75. Rb8 Kxh5 76. Rxb7 Re1 77. c6 Kg6 78. Rd7 Kf6 79. c7 Rb1+ 80. Kc6 Rc1+ 81. Kb6 Rb1+ 82. Ka5 Ra1+ 83. Kb6 Rb1+ 1/2-1/2


[Site "https://www.chess.com"]

[Event "Titled Tuesday Blitz February 21 Late 2023"]
[White "Goncalves, Davi Sulzbacher"]
[Black "tandercat"]
[WhiteFideId "2154510"]
[WhiteElo "2282"]
[BlackElo "1858"]
[Result "1-0"]
[Round "02"]
[TimeControl "180+2"]
[Date "2023.02.21"]
[WhiteClock "0:00:58"]
[BlackClock "0:00:09"]

1. e4 c5 2. Nf3 Nc6 3. d4 cxd4 4. c3 Nf6 5. e5 Nd5 6. Bc4 Nb6 7. Bb3 d5 8. cxd4 Bg4 9. Be3 e6 10. O-O Be7 11. Nbd2 O-O 12. Rc1 Rc8 13. Bc2 Na5 14. b3 Nc6 15. Bb1 Nb4 16. h3 Bxf3 17. Nxf3 Rxc1 18. Bxc1 f5 19. exf6 Bxf6 20. Qe1 Qd6 21. Ba3 a5 22. Qe2 Nd7 23. Re1 Re8 24. Qb5 b6 25. h4 Qc6 26. Qe2 Qc3 27. Rc1 Nxa2 28. Qxa2 1-0


[Site "https://www.chess.com"]

[Event "Titled Tuesday Blitz February 21 Late 2023"]
[White "Nakamura, Hikaru"]
[Black "Urazayev, Arystanbek"]
[WhiteFideId "2016192"]
[BlackFideId "13709810"]
[WhiteElo "2775"]
[BlackElo "2460"]
[Result "1-0"]
[Round "03"]
[TimeControl "180+2"]
[Date "2023.02.21"]
[WhiteClock "0:01:12"]
[BlackClock "0:00:07"]

1. Nf3 d5 2. g3 b6 3. Bg2 Bb7 4. d4 Nd7 5. Nfd2 e6 6. c4 Ngf6 7. Nc3 Qc8 8. cxd5 exd5 9. O-O Be7 10. b3 O-O 11. Bb2 Re8 12. Rc1 a6 13. e3 Bd6 14. a3 h6 15. b4 Qd8 16. Qb3 c6 17. e4 dxe4 18. Ncxe4 Nxe4 19. Nxe4 Bf8 20. Rfd1 a5 21. Nd2 axb4 22. axb4 Qb8 23. Bxc6 Bxc6 24. Rxc6 Qb7 25. b5 Nf6 26. d5 Ng4 27. h3 Ne5 28. Bxe5 Rxe5 29. Nc4 Rg5 30. d6 Qd7 31. h4 Rg6 32. Ne5 Qe6 33. Qxe6 Rxe6 34. d7 Rd8 35. Rxe6 1-0


[Site "https://www.chess.com"]

[Event "Titled Tuesday Blitz February 21 Late 2023"]
[White "Gorshtein, Ido"]
[Black "Naroditsky, Daniel"]
[WhiteFideId "2815532"]
[BlackFideId "2026961"]
[WhiteElo "2514"]
[BlackElo "2618"]
[Result "0-1"]
[Round "03"]
[TimeControl "180+2"]
[Date "2023.02.21"]
[WhiteClock "0:00:20"]
[BlackClock "0:00:40"]

1. b3 d5 2. Bb2 Bf5 3. e3 e6 4. f4 Nf6 5. Nf3 Bd6 6. Be2 h6 7. O-O Nbd7 8. Ne5 Qe7 9. d3 Bc5 10. d4 Bd6 11. Nd2 Ne4 12. c4 Nxd2 13. Qxd2 c6 14. Bd3 Bxd3 15. Qxd3 Nf6 16. f5 O-O 17. Rf3 Ne4 18. Raf1 Bxe5 19. dxe5 exf5 20. Rxf5 Rad8 21. cxd5 cxd5 22. Qd4 b6 23. Qd1 Rd7 24. Bd4 Qe6 25. R5f3 Rc8 26. Qd3 Rdc7 27. h3 Qg6 28. e6 fxe6 29. Kh2 Rc2 30. Rg1 Rd2 31. Qa6 Rcc2 0-1


[Site "https://www.chess.com"]

[Event "Titled Tuesday Blitz February 21 Late 2023"]
[White "Nihal Sarin"]
[Black "Christiansen, Johan-Sebastian"]
[WhiteFideId "25092340"]
[BlackFideId "1512668"]
[WhiteElo "2673"]
[BlackElo "2579"]
[Result "1-0"]
[Round "03"]
[TimeControl "180+2"]
[Date "2023.02.21"]
[WhiteClock "0:00:18"]
[BlackClock "0:00:05"]

1. e4 e5 2. Nf3 Nc6 3. Bb5 f5 4. d3 fxe4 5. dxe4 Nf6 6. Bg5 Bb4+ 7. c3 Bc5 8. O-O d6 9. b4 Bb6 10. Nbd2 a6 11. Bc4 Qe7 12. a4 Be6 13. Qb3 Bxc4 14. Nxc4 Qe6 15. Bxf6 gxf6 16. b5 Ne7 17. bxa6 bxa6 18. a5 Bc5 19. Qa4+ Kf7 20. Ne3 Rhg8 21. Rab1 Rab8 22. Rxb8 Rxb8 23. Qd1 Ng6 24. Nf5 Qb3 25. Qd2 Qb2 26. Qd5+ Kf8 27. g3 Qb3 28. Qd2 Kg8 29. h4 Kh8 30. h5 Nf8 31. N3h4 Qf7 32. Qh6 Kg8 33. Kg2 Rb2 34. Qc1 Qa2 35. Nh6+ Kh8 36. Ng4 Re2 37. Qh6 Nd7 38. Nf5 Qf7 39. Rb1 Rxe4 40. f3 Re2+ 41. Kh3 Rc2 42. Nxf6 Nxf6 43. Qxf6+ Qxf6 44. Rb8+ 1-0


[Site "https://www.chess.com"]

[Event "Titled Tuesday Blitz February 21 Late 2023"]
[White "Bryakin, Mikhail"]
[Black "Andreikin, Dmitry"]
[WhiteFideId "4165314"]
[BlackFideId "4158814"]
[WhiteElo "2455"]
[BlackElo "2729"]
[Result "1/2-1/2"]
[Round "03"]
[TimeControl "180+2"]
[Date "2023.02.21"]
[WhiteClock "0:00:10"]
[BlackClock "0:00:04"]

1. Nf3 Nf6 2. b3 d5 3. Bb2 c5 4. e3 Nc6 5. Bb5 Bd7 6. O-O Rc8 7. a4 e6 8. d3 Bd6 9. Bxc6 Bxc6 10. Ne5 O-O 11. Nd2 Bxe5 12. Bxe5 Nd7 13. Bb2 e5 14. f4 Qe7 15. Qg4 f6 16. fxe5 Nxe5 17. Qg3 Rce8 18. Rae1 Kh8 19. Bxe5 Qxe5 20. Qxe5 Rxe5 21. d4 cxd4 22. exd4 Ree8 23. Rxe8 Rxe8 24. Kf2 g5 25. g3 Kg7 26. Re1 Rxe1 27. Kxe1 Kg6 28. Kf2 Kf5 29. Kf3 Be8 30. c4 dxc4 31. Nxc4 Bc6+ 32. Ke3 Bd5 33. a5 Kg4 34. Kf2 Kf5 35. Ke3 h5 36. Nd2 Kg4 37. Kf2 f5 38. Nc4 f4 39. Nd2 fxg3+ 40. hxg3 h4 41. gxh4 gxh4 42. Nf1 Bxb3 43. Ne3+ Kf4 44. Ng2+ Kg5 45. Ne3 Be6 46. d5 Bd7 47. Nc4 Kf4 48. Nd6 b5 49. axb6 axb6 50. Nc4 b5 51. Nb6 Bf5 52. d6 b4 53. Nd5+ Ke5 54. Nxb4 Kxd6 55. Kg1 Kc5 56. Na6+ Kb6 57. Nb4 Kc5 58. Na6+ Kd4 59. Kh2 Kc4 60. Nc7 Kc5 61. Ne8 Bd7 62. Nf6 Be6 63. Nh5 Kd4 64. Ng3 Bg4 65. Nf1 Kd3 66. Ng3 Ke3 67. Nh1 Kf3 68. Kg1 Bh3 69. Nf2 Bg2 70. Nh1 h3 71. Kh2 Kg4 72. Nf2+ Kh4 73. Nxh3 1/2-1/2


[Site "https://www.chess.com"]

[Event "Titled Tuesday Blitz February 21 Late 2023"]
[White "Caruana, Fabiano"]
[Black "Milikow, Yoav"]
[WhiteFideId "2020009"]
[BlackFideId "2822237"]
[WhiteElo "2764"]
[BlackElo "2394"]
[Result "1-0"]
[Round "03"]
[TimeControl "180+2"]
[Date "2023.02.21"]
[WhiteClock "0:00:31"]
[BlackClock "0:00:06"]

1. e4 e5 2. Nf3 Nf6 3. d4 Nxe4 4. dxe5 Bc5 5. Bc4 Nxf2 6. Bxf7+ Kxf7 7. Qd5+ Kg6 8. Qxc5 Nxh1 9. Nc3 h6 10. Bf4 Nc6 11. O-O-O Rf8 12. Qe3 Nf2 13. Rd2 Ng4 14. Qe4+ Kf7 15. h3 Ngxe5 16. Qd5+ Kg6 17. Qe4+ Kf7 18. Bxe5 d6 19. Qh7 Rg8 20. Rf2 dxe5 21. Nxe5+ Ke6 22. Qf5+ Kd6 23. Ne4+ Kd5 24. Rd2+ Nd4 25. c4# 1-0


[Site "https://www.chess.com"]

[Event "Titled Tuesday Blitz February 21 Late 2023"]
[White "Stoyanov, Tsvetan"]
[Black "Vachier-Lagrave, Maxime"]
[WhiteFideId "2917173"]
[BlackFideId "623539"]
[WhiteElo "2454"]
[BlackElo "2742"]
[Result "1-0"]
[Round "03"]
[TimeControl "180+2"]
[Date "2023.02.21"]
[WhiteClock "0:00:06"]
[BlackClock "0:00:35"]

1. c4 e5 2. Nc3 Bb4 3. Nd5 a5 4. Nf3 d6 5. a3 Bc5 6. e3 c6 7. d4 Ba7 8. Nc3 Nd7 9. Be2 Qe7 10. b4 Ngf6 11. Bb2 O-O 12. O-O e4 13. Nd2 d5 14. cxd5 cxd5 15. Qb3 Bb8 16. Nxd5 Nxd5 17. Qxd5 Nf6 18. Qb3 Be6 19. Qd1 Rc8 20. b5 a4 21. Rc1 Rxc1 22. Qxc1 h5 23. d5 Nxd5 24. Nxe4 Bxh2+ 25. Kxh2 Qh4+ 26. Kg1 Qxe4 27. Bf3 Qg6 28. Rd1 Rc8 29. Qd2 Rc2 30. Qd4 Nf6 31. Bxb7 h4 32. Rd2 Rc4 33. Qd8+ Kh7 34. Bxf6 gxf6 35. Qf8 Qb1+ 36. Kh2 Qxb5 37. Rd8 Qxb7 38. Qh8+ Kg6 39. Rg8+ Kf5 40. Qh5+ Ke4 41. Qf3+ Kd3 42. Qxb7 1-0


[Site "https://www.chess.com"]

[Event "Titled Tuesday Blitz February 21 Late 2023"]
[White "Bilych, Olexiy"]
[Black "Paravyan, David"]
[WhiteFideId "14156504"]
[BlackFideId "4194985"]
[WhiteElo "2441"]
[BlackElo "2601"]
[Result "0-1"]
[Round "03"]
[TimeControl "180+2"]
[Date "2023.02.21"]
[WhiteClock "0:00:38"]
[BlackClock "0:01:31"]

1. d4 Nf6 2. c4 g6 3. Nc3 d5 4. cxd5 Nxd5 5. e4 Nxc3 6. bxc3 Bg7 7. Bc4 c5 8. Ne2 O-O 9. Be3 Nc6 10. O-O b6 11. Rc1 Bb7 12. Bb5 Rc8 13. Qd2 Qd6 14. f4 cxd4 15. cxd4 Na5 16. Bd3 Rfd8 17. f5 Rxc1 18. Qxc1 Rc8 19. Qb1 Nc4 20. e5 Qc6 21. d5 Qxd5 22. Nf4 Qxe5 23. Bc1 Ne3 24. Rf2 Nxf5 25. Bb2 Nd4 26. Qf1 Nf3+ 0-1


[Site "https://www.chess.com"]

[Event "Titled Tuesday Blitz February 21 Late 2023"]
[White "Oganian, Miran"]
[Black "Sarana, Alexey"]
[WhiteFideId "4122488"]
[BlackFideId "24133795"]
[WhiteElo "2439"]
[BlackElo "2685"]
[Result "1-0"]
[Round "03"]
[TimeControl "180+2"]
[Date "2023.02.21"]
[WhiteClock "0:00:10"]
[BlackClock "0:00:02"]

1. e4 e5 2. Nf3 Nc6 3. Nc3 Nf6 4. d4 exd4 5. Nxd4 Bb4 6. Nxc6 bxc6 7. Bd3 d5 8. exd5 cxd5 9. O-O O-O 10. h3 c5 11. Qf3 Be6 12. Bg5 c4 13. Bf5 Bxc3 14. bxc3 h6 15. Bh4 Qd7 16. Bxf6 Bxf5 17. Qg3 Bg6 18. Bd4 Kh7 19. Rae1 Rfe8 20. Kh2 f6 21. Rxe8 Rxe8 22. Rb1 Bxc2 23. Rb8 Re6 24. Ra8 Ra6 25. Qb8 Rxa2 26. Bxf6 Be4 27. Qh8+ Kg6 28. Bxg7 Qxg7 29. Rg8 Qxg8 30. Qxg8+ Kf6 31. Qf8+ Kg6 32. f3 Bd3 33. Qd6+ Kg7 34. Qe5+ Kg6 35. f4 a5 36. Qe6+ Kg7 37. f5 Be4 38. f6+ Kg6 39. f7+ Kg7 40. Kg3 Rxg2+ 41. Kh4 Rf2 42. Qe5+ Kxf7 43. Qc7+ Kf8 44. Qb8+ Kf7 45. Qa7+ Kg6 46. Qxf2 a4 47. Qb6+ Kf5 48. Qa5 Kf4 49. Qxa4 Ke3 50. Qa7+ Kd2 51. Qd4+ Kc2 52. Kh5 Bf5 53. h4 1-0


[Site "https://www.chess.com"]

[Event "Titled Tuesday Blitz February 21 Late 2023"]
[White "Kollars, Dmitrij"]
[Black "Tristan, Leonardo"]
[WhiteFideId "12909572"]
[BlackFideId "113816"]
[WhiteElo "2607"]
[BlackElo "2545"]
[Result "1/2-1/2"]
[Round "03"]
[TimeControl "180+2"]
[Date "2023.02.21"]
[WhiteClock "0:00:12"]
[BlackClock "0:00:09"]

1. c4 e6 2. Nf3 d5 3. g3 Nf6 4. Bg2 Be7 5. d4 O-O 6. Nc3 dxc4 7. Ne5 Qd6 8. O-O Rd8 9. Be3 Qa6 10. a4 Nc6 11. Qc1 Nxe5 12. dxe5 Nd5 13. Nb5 c6 14. Bxd5 cxb5 15. axb5 Qxb5 16. Bxc4 Qxe5 17. Bxa7 b5 18. Bd3 Bb7 19. Bb6 Rac8 20. Qe3 Qd5 21. f3 Bg5 22. Qf2 Rd7 23. h4 Bf6 24. Rac1 Rxc1 25. Rxc1 g6 26. b4 Be7 27. Bc5 Rc7 28. Bxb5 Qb3 29. Qd4 Bxf3 30. exf3 Qxf3 31. Qf2 Qa3 32. Be3 Rxc1+ 33. Bxc1 Qxc1+ 34. Kh2 Bxb4 35. Bf1 Qd2 36. Qxd2 Bxd2 37. Kg2 Kg7 38. Kf3 Kf6 39. g4 h6 40. Bd3 g5 41. hxg5+ hxg5 42. Ke4 Bf4 43. Bc4 Kg6 44. Bb3 f5+ 45. Kf3 Kf6 46. Bc4 Bd6 47. Bb3 Ke5 48. Bc4 Be7 49. Bb3 Bf6 50. Ba2 Kd6 51. Bb3 Bd4 52. Bc4 Ke5 53. Bb3 Bc5 54. Bc4 f4 55. Bd3 Kd4 56. Be4 e5 57. Bg6 Bd6 58. Be4 Bc5 59. Bf5 Bd6 60. Be4 Bc5 1/2-1/2


[Site "https://www.chess.com"]

[Event "Titled Tuesday Blitz February 21 Late 2023"]
[White "Golubka, Petro"]
[Black "Deac, Bogdan-Daniel"]
[WhiteFideId "14114224"]
[BlackFideId "1226380"]
[WhiteElo "2371"]
[BlackElo "2700"]
[Result "0-1"]
[Round "03"]
[TimeControl "180+2"]
[Date "2023.02.21"]
[WhiteClock "0:00:09"]
[BlackClock "0:00:19"]

1. e4 c6 2. d4 d5 3. exd5 cxd5 4. c4 Nf6 5. Nc3 e6 6. Nf3 Bb4 7. Bd3 dxc4 8. Bxc4 Nbd7 9. O-O Nb6 10. Bd3 O-O 11. Qe2 Bd7 12. Ne5 Rc8 13. Bg5 Be7 14. Rfd1 Bc6 15. Rac1 g6 16. Bh6 Re8 17. Bb1 Nbd5 18. h4 Nd7 19. Nxc6 bxc6 20. g3 N7f6 21. Na4 Nd7 22. Kg2 Bf6 23. Be4 Bg7 24. Bg5 N7f6 25. Bf3 h6 26. Bd2 h5 27. Bg5 Qa5 28. b3 Nh7 29. Bd2 Qd8 30. Rc4 Nhf6 31. Bg5 Qd6 32. Rdc1 Nd7 33. Qc2 Nb8 34. Nc5 Qc7 35. Nd3 Qb6 36. Be3 Red8 37. Bxd5 exd5 38. Rb4 Qc7 39. Bf4 Qe7 40. Bxb8 Rxb8 41. Rxb8 Rxb8 42. Qxc6 Qe4+ 0-1


[Site "https://www.chess.com"]

[Event "Titled Tuesday Blitz February 21 Late 2023"]
[White "Bortnyk, Olexandr"]
[Black "Hambleton, Aman"]
[WhiteFideId "14120828"]
[BlackFideId "2606577"]
[WhiteElo "2605"]
[BlackElo "2420"]
[Result "1-0"]
[Round "03"]
[TimeControl "180+2"]
[Date "2023.02.21"]
[WhiteClock "0:00:01"]
[BlackClock "0:00:01"]

1. e4 e6 2. d4 d5 3. Nc3 Bb4 4. Qd3 Nf6 5. e5 Ng8 6. Qg3 Bf8 7. Nf3 Ne7 8. Bd3 b6 9. a4 Nbc6 10. Ng5 Nxd4 11. h4 h6 12. Nf3 Nef5 13. Qf4 g5 14. Qg4 Nxf3+ 15. Qxf3 Nxh4 16. Qg3 Be7 17. Bd2 Bb7 18. O-O-O Qd7 19. f4 O-O-O 20. Kb1 Kb8 21. b3 Rhg8 22. fxg5 hxg5 23. Rdf1 Nf5 24. Qg4 Bc8 25. Rh7 Rgf8 26. Ne2 Qc6 27. Qh5 a6 28. Rxf7 Rxf7 29. Qxf7 Rf8 30. Qh7 Qe8 31. g4 Rh8 32. Qxh8 Qxh8 33. gxf5 Qxe5 34. Bc3 Qe3 35. Bd4 Qh3 36. Nc3 exf5 37. Nxd5 Bd6 38. Re1 f4 39. Re8 Kb7 40. Be4 c6 41. Nf6 Qf1+ 42. Kb2 a5 43. Rg8 Qd1 44. Bc3 Bb4 45. Rg7+ Kb8 46. Be5+ Bd6 47. Bc3 Bb4 48. Be5+ Bd6 49. Bc3 Qf1 50. Bxc6 Bb4 51. Be5+ 1-0


[Site "https://www.chess.com"]

[Event "Titled Tuesday Blitz February 21 Late 2023"]
[White "Nasuta, Grzegorz"]
[Black "Martinez Alcantara, Jose Eduardo"]
[WhiteFideId "1141686"]
[BlackFideId "3805662"]
[WhiteElo "2552"]
[BlackElo "2619"]
[Result "1/2-1/2"]
[Round "03"]
[TimeControl "180+2"]
[Date "2023.02.21"]
[WhiteClock "0:00:12"]
[BlackClock "0:00:33"]

1. e4 e5 2. Nf3 Nf6 3. d4 Nxe4 4. dxe5 d5 5. Nbd2 Qd7 6. Be2 Be7 7. O-O Nc6 8. c4 Nxd2 9. Bxd2 O-O 10. h3 Qd8 11. Bc3 Be6 12. cxd5 Qxd5 13. Qa4 a6 14. Rfd1 Qc5 15. Qe4 Rad8 16. Bd3 g6 17. Qf4 Nb4 18. Be4 Nd5 19. Bxd5 Rxd5 20. Ng5 Rfd8 21. Rxd5 Qxd5 22. Ne4 Kg7 23. Nf6 Qc4 24. Qg5 Qe2 25. Nh5+ Qxh5 26. Qxe7 Rd1+ 27. Rxd1 Qxd1+ 28. Kh2 Qd7 29. Qf6+ Kg8 30. b3 b6 31. Bb2 Qd2 32. Bc1 Qxc1 33. Qd8+ Kg7 34. Qf6+ Kf8 35. Qd8+ Kg7 36. Qf6+ Kf8 37. Qd8+ Kg7 1/2-1/2


[Site "https://www.chess.com"]

[Event "Titled Tuesday Blitz February 21 Late 2023"]
[White "Fedoseev, Vladimir"]
[Black "EREBUNI91"]
[WhiteFideId "24130737"]
[WhiteElo "2680"]
[BlackElo "2753"]
[Result "1-0"]
[Round "03"]
[TimeControl "180+2"]
[Date "2023.02.21"]
[WhiteClock "0:00:19"]
[BlackClock "0:00:13"]

1. e4 c6 2. Nf3 d5 3. d3 Qc7 4. exd5 cxd5 5. c4 Nf6 6. Nc3 e6 7. Nb5 Qd8 8. Bf4 Na6 9. Be2 Bb4+ 10. Bd2 O-O 11. O-O Bxd2 12. Qxd2 Bd7 13. a4 Bc6 14. Qe3 Qe7 15. Nxa7 Nb4 16. Nxc6 bxc6 17. Rfc1 Rfb8 18. d4 Ne4 19. cxd5 cxd5 20. Ne5 Nd6 21. Qd2 Ne4 22. Qe1 Nd6 23. Qd2 Ne4 24. Qd1 Nd6 25. Bd3 f6 26. Nf3 Nxd3 27. Qxd3 Rxb2 28. Rc2 Rxa4 29. Re1 Rxc2 30. Qxc2 Ra8 31. Qc6 Re8 32. h3 Ne4 33. Nh2 Qd6 34. Qxe8+ 1-0


[Site "https://www.chess.com"]

[Event "Titled Tuesday Blitz February 21 Late 2023"]
[White "Leiva, Gianmarco"]
[Black "Bluebaum, Matthias"]
[WhiteFideId "3804399"]
[BlackFideId "24651516"]
[WhiteElo "2392"]
[BlackElo "2669"]
[Result "0-1"]
[Round "03"]
[TimeControl "180+2"]
[Date "2023.02.21"]
[WhiteClock "0:00:03"]
[BlackClock "0:00:20"]

1. d4 d5 2. Nf3 e6 3. Bf4 c5 4. e3 Nc6 5. Nbd2 Bd6 6. Bg3 Bxg3 7. hxg3 Qb6 8. dxc5 Qxb2 9. Rb1 Qc3 10. Bb5 Nf6 11. Nd4 Qxc5 12. c4 O-O 13. N4b3 Qe7 14. cxd5 exd5 15. Rc1 d4 16. e4 Nxe4 17. Nxe4 Qxe4+ 18. Kf1 Bf5 19. Bxc6 bxc6 20. Qxd4 Qe7 21. Qc5 Qxc5 22. Rxc5 Be6 23. Rh4 Bd5 24. Ra4 Rfb8 25. Rca5 Rb7 26. f3 h6 27. g4 Re7 28. Nd4 g6 29. Kf2 Kg7 30. Ra3 Rc7 31. Rc3 Rd8 32. a3 Rdd7 33. Rac5 Rb7 34. Nxc6 Rb2+ 35. Kg3 Bxc6 36. Rxc6 Rdd2 37. Kf4 g5+ 38. Ke3 Rxg2 39. Ra6 Rbd2 40. Ke4 Rd7 41. Rcc6 Re2+ 42. Kf5 Rd5# 0-1


[Site "https://www.chess.com"]

[Event "Titled Tuesday Blitz February 21 Late 2023"]
[White "Trost, Edvin"]
[Black "Tabatabaei, M. Amin"]
[WhiteFideId "1729519"]
[BlackFideId "12521213"]
[WhiteElo "2399"]
[BlackElo "2677"]
[Result "0-1"]
[Round "03"]
[TimeControl "180+2"]
[Date "2023.02.21"]
[WhiteClock "0:00:01"]
[BlackClock "0:00:20"]

1. Nf3 d6 2. g3 e5 3. Bg2 g6 4. O-O Bg7 5. e4 Nf6 6. Re1 O-O 7. d4 Nbd7 8. Nc3 c6 9. a4 a5 10. h3 Re8 11. Be3 Qc7 12. Qd2 exd4 13. Bxd4 Ne5 14. Nxe5 dxe5 15. Bc5 b6 16. Bd6 Qb7 17. Rad1 Rd8 18. Qg5 h6 19. Qe3 Ne8 20. Ba3 Be6 21. b3 Qc7 22. Bf1 h5 23. Kh2 Bf8 24. Bxf8 Kxf8 25. Rxd8 Rxd8 26. Rd1 Rxd1 27. Nxd1 Qd8 28. Nb2 Nd6 29. Qc3 Nxe4 30. Qxe5 Nxf2 31. Qf4 Nd1 32. Nc4 Kg8 33. Ne5 c5 34. Bc4 Qd6 35. Nxg6 Qxf4 36. Nxf4 Bxc4 37. bxc4 Nb2 38. Nxh5 Nxa4 39. Nf6+ Kg7 40. Nd5 Nb2 41. Nxb6 a4 42. Nd5 Nd1 43. Nb6 a3 44. Nd7 a2 0-1


[Site "https://www.chess.com"]

[Event "Titled Tuesday Blitz February 21 Late 2023"]
[White "Sjugirov, Sanan"]
[Black "Bjelobrk, Igor"]
[WhiteFideId "4189302"]
[BlackFideId "4300726"]
[WhiteElo "2712"]
[BlackElo "2403"]
[Result "1-0"]
[Round "03"]
[TimeControl "180+2"]
[Date "2023.02.21"]
[WhiteClock "0:01:02"]
[BlackClock "0:00:53"]

1. d4 e6 2. c4 Bb4+ 3. Bd2 Bxd2+ 4. Qxd2 f5 5. g3 Nf6 6. Bg2 O-O 7. Nf3 d6 8. O-O Nc6 9. Rd1 Qe7 10. Nc3 e5 11. dxe5 dxe5 12. Nd5 Nxd5 13. cxd5 Nd8 14. Qc3 e4 15. Nd4 a6 16. Rac1 Rf7 17. e3 Qd6 18. Bf1 Re7 19. Ne6 Bd7 20. Qxc7 Qxc7 21. Nxc7 Kf8 22. Nxa8 1-0


[Site "https://www.chess.com"]